 Dungeon Crawl Stone Soup version 0.19-a0-353-g6b7ed47 (webtiles) character file.

66822 FitzyFitz the Severer (level 14, -8/116 HPs)
             Began as a Demonspawn Gladiator on May 27, 2016.
             Was the Champion of Hepliaklqana.
             Mangled by a sixfirhy (9 damage)
             ... summoned by an orc sorcerer
             ... while paralysed by an orc sorcerer
             ... on level 2 of the Orcish Mines on May 29, 2016.
             The game lasted 01:37:23 (25471 turns).

FitzyFitz the Severer (Demonspawn Gladiator)       Turns: 25471, Time: 01:37:24

Health: -8/116     AC: 14    Str: 18    XL:     14   Next: 80%
Magic:  0/22       EV:  2    Int: 10    God:    Hepliaklqana [******]
Gold:   2333       SH:  0    Dex: 16    Spells: 5 memorised, 13 levels left

rFire  . . .     SeeInvis .     a - +1 executioner's axe (freeze)
rCold  + + .     Gourm    .     Q - +2 troll leather armour {rC+}
rNeg   . . .     Faith    .     (shield currently unavailable)
rPois  +         Spirit   +     H - +2 hat {rC+}
rElec  +         Dismiss  .     r - +0 cloak
rCorr  .         Reflect  .     i - +0 pair of gloves
SustAt .         Harm     .     (no boots)
MR     +....                    (no amulet)
Stlth  +++.......               K - ring of poison resistance
                                v - ring of wizardry

@: paralysed, drained, somewhat resistant to hostile enchantments, fairly
stealthy
A: antennae 2, thin metallic scales 3, foul stench 1, magic shield, magic
regeneration, rot immunity
a: Recall Ancestor, Ancestor Identity, Transference, Idealise, Renounce Religion


You were on level 2 of the Orcish Mines.
You worshipped Hepliaklqana.
Hepliaklqana was exalted by your worship.
You were not hungry.

You visited 4 branches of the dungeon, and saw 21 of its levels.
You also visited: Ossuary, Ice Cave and Volcano.

You collected 2333 gold pieces.

Inventory:

Hand Weapons
 a - a +1 executioner's axe of freezing (weapon)
 b - the +10 hand crossbow of Watchfulness {elec, +Fly rElec}
   (You found it in an ice cave)

   It charges the ammunition it shoots with electricity; occasionally upon a
   hit, such missiles may discharge and cause terrible harm.
   It insulates you from electricity.
   It lets you fly.
 O - a +1 battleaxe of flaming
Missiles
 s - 208 bolts
Armour
 d - a +1 hat of see invisible
 i - a +0 pair of gloves (worn)
 r - a +0 cloak (worn)
 H - a +2 hat of cold resistance (worn)
 Q - a +2 troll leather armour of cold resistance (worn)
Jewellery
 v - a ring of wizardry (left hand)
 I - an uncursed amulet of dismissal
 K - a ring of poison resistance (right hand)
Scrolls
 m - 5 scrolls of teleportation
 o - 3 scrolls of identify
 p - 9 scrolls of remove curse
 y - 7 scrolls of recharging
 A - a scroll of blinking
 D - a scroll of magic mapping
 E - 2 scrolls of fog
Potions
 c - 3 potions of haste
 e - 7 potions of curing
 h - 5 potions of magic
 k - 4 potions of cancellation
 t - 3 potions of flight
 w - 2 potions of heal wounds
 x - 2 potions of berserk rage
 G - a potion of might
 S - 2 potions of agility
Miscellaneous
 J - a sack of spiders
Comestibles
 f - 9 bread rations
 g - 2 chunks of flesh
 F - 24 fruits


   Skills:
 + Level 12.6(12.1) Fighting
 * Level 16.6(16.0) Axes
 - Level 0.1(0.0) Crossbows
 - Level 3.0(2.6) Throwing
 + Level 9.3(8.8) Dodging
 - Level 5.0(4.5) Stealth
 - Level 5.4(5.0) Spellcasting
 - Level 3.1(2.7) Translocations
 - Level 6.3(5.9) Invocations


You had 13 spell levels left.
You knew the following spells:

 Your Spells              Type           Power        Failure   Level  Hunger
a - Apportation           Tloc           #.........   4%          1    None
b - Blink                 Tloc           N/A          6%          2    ##.....
c - Portal Projectile     Tloc           #.....       12%         3    ###....
d - Teleport Other        Tloc           #.......     12%         3    ###....
e - Animate Skeleton      Necr           N/A          12%         1    None


Dungeon Overview and Level Annotations

Branches:
Dungeon (10/15)            Temple (1/1) D:7            Lair (8/8) D:10
 Shoals (0/4) Lair:3       Spider (0/4) Lair:4        Slime (0/6) Lair:8
    Orc (2/2) D:9             Elf (0/3) Orc:2

Altars:
Ashenzari
Elyvilon
Fedhas
Gozag
Hepliaklqana
Kikubaaqudgha
Makhleb
Nemelex Xobeh
Okawaru
Qazlal
Ru
Sif Muna
Trog
Ukayaw
Vehumet
Xom
Yredelemnul
Zin
The Shining One
Beogh
Jiyva

Shops:
D:6 :   D:7 (

Annotations:
Lair:5 exclusion: oklob plant


Innate Abilities, Weirdness & Mutations

You have a pair of antennae on your head.
You are completely covered in thin metallic scales. (AC +4, rElec)
You may emit foul miasma when damaged in melee.
When hurt, damage is shared between your health and your magic reserves.
You regenerate magic rapidly.
You are immune to rotting.


Message History

The orc sorcerer looks sick.
An orc warrior comes into view. It is wielding a mace of crushing.
The soul eater hits you!
* * * LOW HITPOINT WARNING * * *
The orc sorcerer casts a spell.
The soul eater disappears in a puff of smoke!
The sixfirhy hits you!
* * * LOW HITPOINT WARNING * * *
The sixfirhy shocks you. You resist.
* * * LOW HITPOINT WARNING * * *
The sixfirhy hits you.
* * * LOW HITPOINT WARNING * * *
The sixfirhy shocks you. You resist.
* * * LOW HITPOINT WARNING * * *
The orc sorcerer casts a spell.
The orc sorcerer casts a spell at you.
You shrug off the repeated paralysis!
The orc knight roars a battlecry!
You hear a shout! x3
The sixfirhy hits you!
You die...

#oo...##..##
#............... .....
{##..# #...............
.#.#
{##.###............... # {
#..##............... {
##.##...............
#4##...............
#o##..††...........
..o#####o##...(...........
..oo3ooo4@R............)..
..o#####3##...............
#.##.............^.
#.##.....(........# {
##.##.............#. # {
#..##............... .#.#
{##.###...............
..... {##..#
#...............
#oo...##..##
#...............


You could see an orc knight, a sixfirhy, a smoke demon, a ynoxinul, 4 orc
sorcerers, a red devil, 3 orc warriors, an orc wizard and the friendly Legion
the knight.

Vanquished Creatures
  Gastronok (D:10)
  Snorg (D:10)
  5 hydras
  5 death yaks
  A queen ant (Lair:3)
  The ghost of neil the Spear-Bearer, a novice MfGl of Ukayaw (Lair:1)
  An orc high priest (Orc:2)
  Sonja (Lair:4)
  A fire crab (Lair:5)
  A hill giant (D:10)
  An orc knight (Orc:2)
  An orc sorcerer (Orc:1)
  3 griffons
  A cyclops (Orc:2)
  Joseph (D:10)
  A siren (Lair:3)
  13 elephants
  2 ice statues (IceCv)
  2 molten gargoyles (Volcano)
  8 spiny frogs
  5 black mambas
  2 gargoyles (Volcano)
  2 torpor snails (Lair:8)
  7 komodo dragons
  A rime drake (Lair:8)
  8 ice devils
  6 polar bears
  2 spriggan druids (Lair:8)
  A jumping spider (Lair:4)
  3 trolls
  A two-headed ogre (D:7)
  A slime creature (D:9)
  11 blink frogs
  6 spriggans (Lair:8)
  2 redbacks (Lair:8)
  49 yaks
  A wyvern (Lair:5)
  A basilisk (Lair:6)
  4 hippogriffs
  A fire elemental (Volcano)
  2 wargs (Orc:1)
  4 soldier ants (Lair:3)
  7 water moccasins
  14 porcupines
  3 ice beasts
  15 orc warriors
  A necrophage (D:6)
  The ghost of Senri the Ruffian, an amateur DrMo (D:4)
  2 sky beasts (D:10)
  9 black bears
  A phantom (D:9)
  3 wasps
  7 ogres
  20 wolves
  2 centaurs
  2 elf zombies (Ossuary)
  12 crocodiles
  A big kobold (D:9)
  18 giant frogs
  3 scorpions
  3 killer bees (D:7)
  3 wights (D:9)
  4 howler monkeys
  4 electric eels
  2 crimson imps
  A centaur zombie (Ossuary)
  4 hounds
  A human zombie (Ossuary)
  2 jellies
  8 orc priests
  10 orc wizards
  2 giant frog skeletons
  13 iguanas
  23 worker ants
  20 sheep
  6 mummies (Ossuary)
  2 worker ant zombies
  11 adders
  82 river rats
  4 shadow imps
  6 white imps (IceCv)
  4 ufetubi (IceCv)
  4 adder zombies (Ossuary)
  An adder skeleton (D:8)
  6 worms
  3 dart slugs
  2 giant geckos
  54 orcs
  9 bats
  4 giant cockroaches
  4 goblins
  9 hobgoblins
  9 jackals
  12 kobolds
  2 quokkas
  5 giant newts
  2 goblin zombies (Ossuary)
  A hobgoblin zombie (Ossuary)
  3 kobold zombies (Ossuary)
  2 orc zombies (Ossuary)
  4 quokka zombies (Ossuary)
  5 rats
  2 rat zombies (Ossuary)
  17 fungi
  12 plants
679 creatures vanquished.

Vanquished Creatures (collateral kills)
  Maud (Lair:4)
  A hydra (Lair:8)
  The ghost of grandjackal the Spear-Bearer, a journeyman MfGl of Ukayaw (D:10)
  A death yak (Lair:7)
  A lindwurm (Volcano)
  An ugly thing (D:10)
  A griffon (Lair:8)
  An orc sorcerer (Orc:1)
  2 elephants
  A black mamba (Lair:6)
  4 spiny frogs
  3 komodo dragons
  A troll (Orc:2)
  3 ice devils
  4 blink frogs
  3 spriggans (Lair:8)
  A redback (Lair:8)
  A human (D:7)
  11 yaks
  A basilisk (Lair:3)
  Edmund (D:6)
  A hungry ghost (D:9)
  A warg (Orc:2)
  2 soldier ants (Lair:3)
  Menkaure (D:6)
  4 water moccasins
  5 porcupines
  5 orc warriors
  2 black bears (Lair:8)
  A phantom (D:7)
  An ogre (D:9)
  2 sky beasts
  5 wolves
  4 crocodiles
  3 centaurs
  6 giant frogs
  4 killer bees (D:7)
  A wight (D:9)
  A howler monkey (D:6)
  A wasp zombie (D:8)
  6 centaur zombies
  An orc priest (Orc:1)
  5 hounds
  A jelly (D:10)
  4 orc wizards
  A giant frog skeleton (D:10)
  An iguana (Lair:4)
  7 worker ants
  5 sheep
  A mummy (Ossuary)
  2 worker ant zombies
  2 adders (D:5)
  16 river rats
  2 white imps (IceCv)
  3 adder zombies (Ossuary)
  2 giant geckos
  17 orcs
  2 hobgoblins (D:4)
  A jackal (D:4)
  2 quokkas
  A hobgoblin zombie (Ossuary)
  A fungus (Lair:8)
  A plant (Lair:8)
178 creatures vanquished.

Vanquished Creatures (others)
  4 knights
  2 ancestors
  3 white imps (IceCv)
  2 ufetubi (IceCv)
  69 fungi
  62 plants
  4 toadstools (D:1)
146 creatures vanquished.

Grand Total: 1003 creatures vanquished

Notes
Turn   | Place    | Note
--------------------------------------------------------------
     0 | D:1      | FitzyFitz the Demonspawn Gladiator began the quest for the Orb.
     0 | D:1      | Reached XP level 1. HP: 16/16 MP: 1/1
   166 | D:1      | Reached skill level 3 in Axes
   479 | D:1      | Gained mutation: When hurt, damage is shared between your health and your magic reserves. [demonic ancestry]
   479 | D:1      | Reached XP level 2. HP: 22/22 MP: 2/2
   495 | D:1      | You fall through a shaft!
   708 | D:2      | Found a blossoming altar of Fedhas.
  1008 | D:1      | Gained mutation: You are partially covered in thin metallic scales. (AC +2) [demonic ancestry]
  1008 | D:1      | Reached XP level 3. HP: 26/27 MP: 1/3
  1495 | D:2      | Reached skill level 4 in Axes
  2087 | D:3      | Reached XP level 4. HP: 33/33 MP: 4/4
  2594 | D:3      | Gained mutation: You have a pair of small antennae on your head. [demonic ancestry]
  2594 | D:3      | Reached XP level 5. HP: 30/38 MP: 5/5
  3046 | D:4      | Reached skill level 5 in Axes
  3275 | D:4      | Found a hazy altar of Hepliaklqana.
  3279 | D:4      | Became a worshipper of Hepliaklqana
  3552 | D:4      | Noticed Senri's ghost (amateur DrMo)
  3557 | D:5      | Entered Level 5 of the Dungeon
  3582 | D:5      | Found a sand-covered staircase.
  3591 | Ossuary  | Entered an ossuary
  3629 | Ossuary  | Gained mutation: You have a pair of antennae on your head. [demonic ancestry]
  3629 | Ossuary  | Reached XP level 6. HP: 42/44 MP: 6/6
  3768 | Ossuary  | Reached skill level 6 in Axes
  4331 | Ossuary  | Reached skill level 7 in Axes
  4331 | Ossuary  | Gained mutation: You are immune to rotting. [demonic ancestry]
  4331 | Ossuary  | Reached XP level 7. HP: 43/50 MP: 5/7
  4555 | Ossuary  | Gained mutation: You have a pair of large antennae on your head. (SInv) [potion of mutation]
  4555 | Ossuary  | Gained mutation: You are frail. (-10% HP) [potion of mutation]
  4555 | Ossuary  | Gained mutation: You tend to lose your temper in combat. [potion of mutation]
  4556 | Ossuary  | Lost mutation: You tend to lose your temper in combat. [potion of cure mutation]
  4556 | Ossuary  | Lost mutation: You are frail. (-10% HP) [potion of cure mutation]
  4556 | Ossuary  | Lost mutation: You have a pair of large antennae on your head. (SInv) [potion of cure mutation]
  4971 | D:5      | Reached * piety under Hepliaklqana
  5176 | D:5      | Reached skill level 8 in Axes
  5689 | D:5      | Gained mutation: You are mostly covered in thin metallic scales. (AC +3) [demonic ancestry]
  5689 | D:5      | Reached XP level 8. HP: 56/56 MP: 8/8
  5747 | D:5      | Reached ** piety under Hepliaklqana
  5748 | D:5      | Remembered your ancestor Legion as a knight
  5850 | D:5      | Reached skill level 9 in Axes
  6130 | D:6      | Noticed Menkaure
  6260 | D:6      | Killed Menkaure
  6300 | D:6      | Found Xilic's Book Boutique.
  6304 | D:6      | Noticed Edmund
  6313 | D:6      | Killed Edmund
  6446 | D:5      | Learned a level 2 spell: Blink
  6448 | D:5      | Learned a level 1 spell: Apportation
  6841 | D:6      | Reached skill level 1 in Translocations
  6902 | D:6      | Found a blossoming altar of Fedhas.
  6904 | D:6      | Found a sparkling altar of Nemelex Xobeh.
  6977 | D:4      | Reached skill level 10 in Axes
  6977 | D:4      | Gained mutation: You may emit foul miasma when damaged in melee. [demonic ancestry]
  6977 | D:4      | Reached XP level 9. HP: 36/66 MP: 5/9
  6983 | D:4      | Killed Senri's ghost
  7431 | D:4      | Found a bloodstained altar of Trog.
  7726 | D:7      | Found Fetemoraczo's Weapon Emporium.
  7738 | D:7      | Reached skill level 5 in Fighting
  7759 | D:7      | Found a staircase to the Ecumenical Temple.
  7834 | Temple   | Entered the Ecumenical Temple
  7845 | Temple   | Reached *** piety under Hepliaklqana
  8313 | D:7      | Found an opulent altar of Gozag.
  9711 | D:8      | Reached skill level 1 in Invocations
 10291 | D:8      | Found a burning altar of Makhleb.
 10296 | D:8      | Found a radiant altar of Vehumet.
 10703 | D:9      | Reached skill level 11 in Axes
 10707 | D:9      | Gained mutation: You regenerate magic rapidly. [demonic ancestry]
 10707 | D:9      | Reached XP level 10. HP: 74/74 MP: 12/12
 10718 | D:9      | Reached skill level 5 in Dodging
 10781 | D:9      | Reached **** piety under Hepliaklqana
 11016 | D:9      | Found a bloodstained altar of Trog.
 11696 | D:9      | Found a staircase to the Orcish Mines.
 11720 | D:9      | Found a roughly hewn altar of Beogh.
 11850 | D:9      | Upgraded the game from 0.19-a0-305-g4c536b9 to 0.19-a0-330-g034cfd4
 12199 | D:10     | Entered Level 10 of the Dungeon
 12199 | D:10     | Noticed Joseph
 12203 | D:10     | Noticed Snorg
 12241 | D:10     | Noticed grandjackal's ghost (journeyman MfGl)
 12561 | D:9      | Learned a level 3 spell: Portal Projectile
 12565 | D:9      | Learned a level 3 spell: Teleport Other
 12666 | D:10     | Noticed a hill giant
 12677 | D:10     | Killed a hill giant
 12761 | D:10     | Noticed Gastronok
 12778 | D:10     | Killed Gastronok
 12778 | D:10     | Reached skill level 12 in Axes
 12871 | D:10     | Reached XP level 11. HP: 81/83 MP: 13/13
 12944 | D:10     | Killed grandjackal's ghost
 13014 | D:10     | Killed Snorg
 13042 | D:10     | Killed Joseph
 13112 | D:10     | Found a staircase to the Lair.
 13261 | D:10     | Noticed a brown ugly thing
 13272 | D:10     | Killed a brown ugly thing
 13459 | Lair:1   | Entered Level 1 of the Lair of Beasts
 13498 | Lair:1   | Found a dark tunnel.
 13507 | Volcano  | Entered a volcano
 13628 | Volcano  | Noticed a lindwurm
 13649 | Volcano  | Killed a lindwurm
 13686 | Volcano  | Reached skill level 13 in Axes
 13943 | Lair:1   | Noticed an eight-headed hydra
 13943 | Lair:1   | Noticed neil's ghost (novice MfGl)
 14270 | Lair:2   | Reached ***** piety under Hepliaklqana
 14346 | Lair:2   | Reached skill level 1 in Stealth
 14708 | Lair:1   | Killed a ten-headed hydra
 14931 | Lair:1   | Killed neil's ghost
 14931 | Lair:1   | Reached XP level 12. HP: 65/96 MP: 6/15
 15129 | Lair:1   | Upgraded the game from 0.19-a0-330-g034cfd4 to 0.19-a0-347-g6bb00b2
 15138 | Lair:1   | Learned a level 1 spell: Animate Skeleton
 15400 | Lair:2   | Reached skill level 5 in Invocations
 16047 | Lair:3   | Found a staircase to the Shoals.
 16223 | Lair:3   | Reached skill level 10 in Fighting
 16257 | Lair:3   | Noticed a queen ant
 16274 | Lair:3   | Upgraded the game from 0.19-a0-347-g6bb00b2 to 0.19-a0-353-g6b7ed47
 16276 | Lair:3   | Killed a queen ant
 16455 | Lair:3   | Reached skill level 14 in Axes
 16560 | Lair:4   | Found a frozen archway.
 16578 | IceCv    | Entered an ice cave
 17394 | IceCv    | Got a slimy hand crossbow
 17507 | Lair:4   | Reached skill level 5 in Stealth
 17516 | Lair:4   | Identified the +10 hand crossbow of Watchfulness {elec, +Fly rElec} (You found it in an ice cave)
 17649 | Lair:4   | Noticed Maud
 17658 | Lair:4   | Killed Maud
 17658 | Lair:4   | Reached skill level 1 in Spellcasting
 17729 | Lair:4   | Found a hole to the Spider Nest.
 17905 | Lair:4   | Gained mutation: You are completely covered in thin metallic scales. (AC +4, rElec) [demonic ancestry]
 17905 | Lair:4   | Reached XP level 13. HP: 88/104 MP: 13/17
 18200 | Lair:4   | Noticed Sonja
 18212 | Lair:4   | Killed Sonja
 19256 | Lair:5   | Reached ****** piety under Hepliaklqana
 20142 | Lair:6   | Reached skill level 15 in Axes
 21746 | Lair:8   | Entered Level 8 of the Lair of Beasts
 22083 | Lair:7   | Reached XP level 14. HP: 102/113 MP: 20/20
 22422 | Lair:8   | Found a viscous altar of Jiyva.
 22422 | Lair:8   | Found a staircase to the Slime Pits.
 22681 | Lair:8   | Reached skill level 5 in Spellcasting
 22862 | Lair:8   | Reached skill level 16 in Axes
 23784 | Lair:8   | Identified the Incunabulum of Venom
 24144 | Orc:1    | Entered Level 1 of the Orcish Mines
 24199 | Orc:2    | Entered Level 2 of the Orcish Mines
 24594 | Orc:1    | You fall through a shaft!
 24823 | Orc:2    | Found a roughly hewn altar of Beogh.
 24924 | Orc:2    | Found a staircase to the Elven Halls.
 24949 | Orc:2    | Found a roughly hewn altar of Beogh.
 25466 | Orc:2    | Paralysed by an orc sorcerer for 6 turns
 25470 | Orc:2    | HP: 3/116 [sixfirhy[an orc sorcerer] (3)]
 25470 | Orc:2    | HP: 1/116 [sixfirhy[an orc sorcerer] (2)]
 25471 | Orc:2    | Mangled by a sixfirhy

Vault maps used:
D:1:      ldierk_walled_garden_2
D:2:      fedhas_altar_3, uniq_crazy_yiuf_cottage
D:4:      marbit_many_paths, first_bread, trog_hazing_becter
D:5:      gup_sewer_entry_glass, nicolae_ossuary_entry_ruins
D:6:      nicolae_overflow_hidden_temple, serial_shops, shop, uniq_menkaure,
          uniq_edmund
D:7:      nicolae_gozag_cash_rules_everything_around_me, temple_pool_b,
          serial_shops, shop, grunt_livestock
D:8:      grunt_temple_overflow_lords_of_destruction
D:9:      bloody_trog, minmay_orc_entry_temple_small, st_stairs_5,
          minmay_joined_circles
D:10:     david_lair_generic, eino_small_chamber_without_monster, uniq_snorg,
          uniq_joseph, uniq_gastronok
Temple:   circular_temple_12
Lair:1:   enter_volcano_1, beast_lair_carwin_11
Lair:2:   beast_lair_carwin_5, lemuel_fruit_fields, grunt_megastairs_2,
          lemuel_fruit_tree
Lair:3:   minmay_shoals_entry_lonely_mermaid, zaba_antful_of_joy
Lair:4:   spider_nest_entry_rubble, portal_ice_cave_demonic_guard,
          serial_bayou_shore_a, uniq_maud, uniq_sonja
Lair:5:   lemuel_slime
Lair:7:   statuecave_lemuel, lookout_lair_type, serial_bayou_pond_d
Lair:8:   minmay_lair_end_enchanted_forest, dpeg_slime_entry_enclosed_altar,
          serial_forest, infiniplex_forest_lined_3,
          infiniplex_forest_straight_1, infiniplex_forest_lined_room_3,
          infiniplex_forest_lined_2, infiniplex_forest_clump_curved,
          infiniplex_forest_zigzag_1, infiniplex_forest_lined_room_2,
          infiniplex_forest_clump_large
Orc:1:    nicolae_orc_accident_3
Orc:2:    st_orc_elflike, hangedman_feature_mirror
Ossuary:  ossuary_boxes_badplayer
IceCv:    ice_cave_small_demon
Volcano:  volcano_aerie

Skill      XL: |  1  2  3  4  5  6  7  8  9 10 11 12 13 14 |
---------------+-------------------------------------------+-----
Axes           | 3 4 5 7 8 10 11 12 13 14 15 16 | 16.6
Throwing       | 2 3 |  3.0
Fighting       | 4 5 6 9 10 11 12 | 12.6
Translocations | 1 3 |  3.1
Dodging        | 4 6 8 9 |  9.3
Invocations    | 3 4 6 |  6.3
Stealth        | 2 5 |  5.0
Spellcasting   | 1 4 5 |  5.4
Crossbows      | |  0.1

Action                   |  1- 3 |  4- 6 |  7- 9 | 10-12 | 13-15 || total
-------------------------+-------+-------+-------+-------+-------++-------
Melee: War axe           |   147 |   250 |   388 |    38 |       ||   823
       Battleaxe         |       |       |       |   613 |    37 ||   650
       Executioner's axe |       |       |       |    43 |   715 ||   758
 Fire: Blowgun           |       |     2 |    33 |    10 |    12 ||    57
       Hunting sling     |       |       |     1 |     7 |       ||     8
       Shortbow          |       |       |       |    19 |       ||    19
       Hand crossbow     |       |       |       |       |     6 ||     6
Throw: Throwing net      |       |     1 |     5 |     1 |       ||     7
       Tomahawk          |       |       |     3 |     2 |       ||     5
 Cast: Blink             |       |       |       |       |     2 ||     2
Invok: Ancestor Life: Kn |       |       |     1 |       |       ||     1
       Recall Ancestor   |       |       |     2 |     5 |     2 ||     9
       Idealise          |       |       |       |     1 |       ||     1
       Transference      |       |       |       |     1 |       ||     1
Evoke: Wand              |     1 |       |     2 |     5 |     1 ||     9
  Use: Scroll            |     5 |     6 |     9 |    22 |     3 ||    45
       Potion            |       |       |     3 |     8 |     3 ||    14
 Stab: Sleeping          |     2 |     3 |       |     8 |    10 ||    23
       Distracted        |       |       |     1 |     8 |    11 ||    20
       Held in net/web   |       |       |     3 |       |       ||     3
       Invisible         |       |       |       |     1 |       ||     1
  Eat: Chunk             |     4 |     5 |    12 |    13 |    20 ||    54
       Meat ration       |       |     1 |     1 |     2 |     1 ||     5
       Pizza             |       |       |       |     3 |       ||     3
Armor: Leather armour    |    60 |    60 |    97 |       |       ||   217
       Robe              |       |       |     7 |    51 |       ||    58
       Troll leather arm |       |       |       |   149 |   345 ||   494
Dodge: Dodged            |   136 |   160 |   244 |   507 |   865 ||  1912
